 Dungeon Crawl Stone Soup version 0.29-a0-330-g52719c12eb (webtiles) character file.

Game seed: 17777969400885622053

7 Anon1729 the Poker (level 2, 0/24 HPs)
             Began as a Merfolk Monk on May 18, 2022.
             Slain by a quokka (5 damage)
             ... on level 1 of the Dungeon.
             The game lasted 00:00:18 (178 turns).

Anon1729 the Poker (Merfolk Monk)                    Turns: 178, Time: 00:00:19

Health: 0/24       AC:  2    Str: 11    XL:     2   Next: 4%
Magic:  2/2        EV: 14    Int:  9    God:
Gold:   26         SH:  0    Dex: 16    Spells: 1/1 levels left

rFire   . . .      SeeInvis .   a - +0 spear
rCold   . . .      Faith    .   (no shield)
rNeg    . . .      Spirit   .   b - +0 robe
rPois   .          Reflect  .   (no helmet)
rElec   .          Harm     .   (no cloak)
rCorr   .          Rampage  .   (no gloves)
Will    .....                   (no boots)
Stlth   ++........              (no amulet)
HPRegen 0.08/turn               (no ring)
MPRegen 0.08/turn               (no ring)

@: no status effects
A: (nimble swimmer 2), mertail
a: no special abilities


You were on level 1 of the Dungeon.
You visited 1 branch of the dungeon, and saw 1 of its levels.

You collected 26 gold pieces.

Inventory:

Hand Weapons
 a - a +0 spear (weapon)
Armour
 b - a +0 robe (worn)
Scrolls
 d - a scroll of teleportation {unknown}
Potions
 c - a potion of ambrosia
 e - a potion of haste {unknown}


   Skills:
 + Level 3.4 Fighting
 * Level 4.3 Polearms
 + Level 4.1 Dodging
 + Level 2.4 Stealth


You had one spell level left.
You didn't know any spells.
Your spell library contained the following spells:

 Spells                   Type           Power      Damage    Failure   Level
 Sublimation of Blood     Necr           0%         N/A       52%         2
 Wereblood                Tmut           0%         N/A       52%         2
 Summon Hydra             Summ           0%         N/A       100%        7


Dungeon Overview and Level Annotations

Branches:
Dungeon (1/15)

Altars:


Innate Abilities, Weirdness & Mutations

((You are very nimble when in or above water. (Stealth+, EV+, Speed+++)))
Your lower body shifts to a powerful aquatic tail in water.


Message History

The endoplasm freezes you.
You are frozen.
The goblin hits you but does no damage. The hobgoblin completely misses you.
The quokka bites you.
You hit the hobgoblin but do no damage.
The hobgoblin is almost dead.
The goblin misses you. The endoplasm freezes you.
You are frozen.
The hobgoblin hits you. The quokka misses you.
You are too injured to fight recklessly!
You are too injured to fight recklessly!
You are too injured to fight recklessly!
You are too injured to fight recklessly!
You are too injured to fight recklessly!
You are too injured to fight recklessly!
You are too injured to fight recklessly!
You are too injured to fight recklessly!
You are too injured to fight recklessly!
You are too injured to fight recklessly!
You are too injured to fight recklessly!
You are too injured to fight recklessly!
You are too injured to fight recklessly!
You are too injured to fight recklessly!
You are too injured to fight recklessly!
You are too injured to fight recklessly!
You are too injured to fight recklessly!
You are too injured to fight recklessly!
You are too injured to fight recklessly!
The goblin attacks as you move away! The goblin barely misses you.
The endoplasm freezes you.
You are frozen.
* * * LOW HITPOINT WARNING * * *
The hobgoblin attacks as you move away! The hobgoblin hits you.
* * * LOW HITPOINT WARNING * * *
The endoplasm falls through a shaft!
The shaft crumbles and collapses.
The quokka bites you but does no damage.
The goblin misses you. The quokka misses you.
You barely miss the quokka. The quokka closely misses you.
You closely miss the quokka. The quokka bites you.
You die...

..............#
..............#
..............#
+#............#
#............#
#..........gK#
############g#
#r# #@# #.# #.#
#.# #+#


You could see a quokka, a hobgoblin, a goblin and a kobold.

Vanquished Creatures
  An endoplasm (D:1)
  A goblin (D:1)
  A hobgoblin (D:1)
  A quokka (D:1)
  A bat (D:1)
  A kobold (D:1)
  A rat (D:1)
7 creatures vanquished.

Notes
Turn   | Place    | Note
-------+----------+-------------------------------------------
     0 | D:1      | Anon1729 the Merfolk Monk began the quest for the Orb.
     0 | D:1      | Reached XP level 1. HP: 18/18 MP: 1/1
   114 | D:1      | Reached XP level 2. HP: 20/24 MP: 2/2
   178 | D:1      | Slain by a quokka

Illustrated notes

Levels and vault maps discovered:
D:1:      lemuel_arrival_behind_the_door_small, layout_basic,
          minmay_misc_feat_columns

Action                   || total
-------------------------++-------
Melee: Spear             ||    26
 Stab: Sleeping          ||     3
Armor: Robe              ||     3
Dodge: Dodged            ||    19

Table legend: (Time is in decaauts)
 A = Elapsed time spent in this place.
 B = Non-inter-level travel time spent in this place.
 C = Inter-level travel time spent in this place.
 D = Time resting spent in this place.
 E = Time spent auto-exploring this place.
 F = Levels seen in this place.
 G = Mean time per level.
                   A        B        C        D        E       F      G
               +--------+--------+--------+--------+--------+-----+--------+
         Total |    175 |    175 |      0 |      0 |    111 |   1 |  175.0 |
       Dungeon |    175 |    175 |      0 |      0 |    111 |   1 |  175.0 |
               +--------+--------+--------+--------+--------+-----+--------+

Top non-repeatable levels by time:
     D:1: 175 daAuts
